 Dungeon Crawl Stone Soup version 0.31-a0-4-gefa6de2278 (webtiles) character file.

Game seed: 7462758480159405039

8639 LobsterGuardian the Covert (level 11, 0/78 HPs)
             Began as a Felid Enchanter on May 3, 2023.
             Was the Champion of Ashenzari.
             Slain by a deep elf archer
             ... wielding a +0 dagger
              (7 damage)
             ... on level 14 of the Dungeon.
             The game lasted 01:30:54 (17548 turns).

LobsterGuardian the Covert (Felid Enchanter)       Turns: 17548, Time: 01:30:55

Health: 0/78       AC: 25    Str:  4    XL:     11   Next: 12%
Magic:  9/38       EV:  4    Int: 21    God:    Ashenzari [******]
Gold:   755        SH:  0    Dex: 17    Spells: 16/36 levels left
                                        Lives:  0   Deaths: 2

rFire   . .          .
                       - Unarmed
rCold   . . .        (shield unavailable)
rNeg    . . .        (body armour unavailable)
rPois   +            (helmet unavailable)
rElec   .            (cloak unavailable)
rCorr   .            (gloves unavailable)
SInv    +            (boots unavailable)
Will    +....        n - amulet "I Knew You'd Do That" {Acrobat, Elem, Melee} (curse)
Stlth   +++++++      a - ring "Prison of Ashenzari" {Wiz, Melee, Bglg} (curse)
HPRegen 0.33/turn    E - ring of the Ruined Portent {MP+9, Self, Cun} (curse)
MPRegen 0.26/turn

%: acrobat, clarity, wizardry (x1)
@: tree-form
A: stationary, stasis, torment immunity, boosted hp, very small, (claws 1),
(fangs 3), see invisible, (speed 1), (shaggy fur 2), (stealthy paws), no weapons
or thrown items, no armour, multi-lived
a: Renounce Religion, Shatter the Chains


You were on level 14 of the Dungeon.
You worshipped Ashenzari.
Ashenzari was exalted by your worship.
You were a tree.
You visited 2 branches of the dungeon, and saw 15 of its levels.
You also visited: Ice Cave.

You collected 955 gold pieces.
You spent 200 gold pieces at shops.

Inventory:

Jewellery
 a - the cursed ring "Prison of Ashenzari" (left branch) {Wiz, Melee, Bglg}
   (You found it on level 8 of the Dungeon)

   [ring of wizardry]

   It improves your spell success rate.
   It has a curse which improves the following skills: Melee Combat: Unarmed
   Combat.
   Beguiling: Conjurations, Hexes and Translocations.
 h - a +6 ring of strength
 n - the cursed amulet "I Knew You'd Do That" (around neck) {Acrobat, Elem, Melee}
   (You took it off an orc on level 3 of the Dungeon)

   [amulet of the acrobat]

   It increases your evasion while moving and waiting.
   It has a curse which improves the following skills: Elements: Fire Magic, Ice
   Magic, Air Magic and Earth Magic.
   Melee Combat: Unarmed Combat.
 E - the cursed ring of the Ruined Portent (right branch) {MP+9, Self, Cun}
   (You bought it in a shop on level 3 of the Dungeon)

   [ring of magical power]

   MP:        It affects your magic capacity (+9).
   It has a curse which improves the following skills: Introspection: Fighting
   and Spellcasting.
   Cunning:   Dodging and Stealth.
Wands
 f - a wand of paralysis (7)
 r - a wand of light (13)
 z - a wand of mindburst (16)
 A - a wand of polymorph (3)
 B - a wand of digging (3)
 D - a wand of flame (11)
Scrolls
 l - 11 scrolls of teleportation
 m - 3 scrolls of poison
 o - 3 scrolls of fear
 p - 3 scrolls of enchant weapon
 s - 4 scrolls of noise
 t - a scroll of silence
 u - 6 scrolls of identify
 w - 2 scrolls of fog
 C - 3 scrolls of blinking
 G - a scroll of magic mapping
 H - 2 scrolls of amnesia
Potions
 b - 4 potions of might
 c - 2 potions of haste
 d - 2 potions of lignification
 e - 2 potions of flight
 g - 7 potions of curing
 i - 4 potions of magic
 j - 2 potions of brilliance
 k - a potion of ambrosia
 q - 3 potions of attraction
 v - 2 potions of cancellation


   Skills:
 + Level 6.1(8.6) Fighting
 + Level 6.9(9.4) Dodging
 + Level 14.8(17.1) Stealth
 + Level 8.9(12.5) Unarmed Combat
 + Level 11.0(13.4) Spellcasting
 * Level 2.6(4.6) Conjurations
 - Level 10.0(12.4) Hexes
 - Level 2.1(4.0) Ice Magic
 * Level 2.6(4.6) Earth Magic


You had 16 spell levels left.
You knew the following spells:

 Your Spells              Type           Power      Damage    Failure   Level
a - Ensorcelled Hibernat  Hex/Ice        96%        N/A       1%          2
b - Confusing Touch       Hex            60%        N/A       1%          3
c - Tukima's Dance        Hex            60%        N/A       1%          3
d - Dazzling Flash        Conj/Hex       100%       N/A       1%          3
e - Teleport Other        Tloc           15%        N/A       4%          3
f - Swiftness             Air            15%        N/A       4%          3
g - Stone Arrow           Conj/Erth      66%        3d11      1%          3

Your spell library contained the following spells:

 Spells                   Type           Power      Damage    Failure   Level
 Apportation              Tloc           30%        N/A       1%          1
 Necrotise                Necr           56%        1d6       1%          1
 Summon Small Mammal      Summ           56%        N/A       1%          1
 Passwall                 Tmut/Erth      19%        N/A       1%          2
 Gell's Gravitas          Tloc           15%        N/A       4%          3
 Vampiric Draining        Necr           14%        2d7       6%          3
 Agony                    Necr           14%        N/A       43%         5
 Dispersal                Tloc           7%         N/A       91%         6
 Lehudib's Crystal Spear  Conj/Erth      16%        10d5      100%        8
 Animate Armour           Summ/Erth      Unusable   N/A       N/A         4

Dungeon Overview and Level Annotations

Branches:
Dungeon (14/15)            Temple (1/1) D:7            Lair (0/5) D:11
  IceCv (visited)
    Orc: D:9-12      Vaults: D:13-14

Altars:
Ashenzari
Cheibriados
Dithmenos
Elyvilon
Fedhas
Gozag
Hepliaklqana
Kikubaaqudgha
Makhleb
Nemelex Xobeh
Okawaru
Qazlal
Ru
Sif Muna
Trog
Uskayaw
Vehumet
Wu Jian
Xom
Yredelemnul
Zin
The Shining One

Shops:
D:3 =[   D:10 (

Portals:
Trove: D:10 (give 7 potions of haste)

Annotations:
D:5 Blork the orc
D:9 2 transporters, themarg's ghost, journeyman MfSu
D:11 1 runed translucent door
D:12 Frances


Innate Abilities, Weirdness & Mutations

You are a tree.
Your roots penetrate the ground, keeping you stationary.
You cannot be teleported.
You are immune to unholy pain and torment.
Your maximum health is greatly increased.
((You have sharp claws.))
((You have razor-sharp teeth.))
You have supernaturally acute eyesight. (SInv)
((You cover ground quickly. (Speed+)))
((You are covered in thick fur. (AC +2)))
((Your paws help you pounce on unaware monsters.))
You are incapable of wielding weapons or throwing items.
You cannot wear armour.
You gain extra lives every three experience levels.


Message History

You smack the deep elf archer!
The deep elf archer is moderately wounded.
The deep elf archer hits you but does no damage.
Something hits the vault guard!!
The vault guard dies!
You hear a splash.
Your base Spellcasting skill increases to level 11!
Casting: Tukima's Dance (safe; 1% risk of failure)
Confirm with . or Enter, or press ? or * to list all spells.
Aiming: Ensorcelled Hibernation (safe; 1% risk of failure)
Press: ? - help, Shift-Dir - straight line, f/p - deep elf archer
Aim: a deep elf archer, wielding a +0 dagger and wearing a +0 leather armour (moderately wounded, repelling missiles, chance to affect: 21%)
The deep elf archer resists with almost no effort.
The deep elf archer hits you but does no damage.
Unknown command.
Casting: Ensorcelled Hibernation (safe; 1% risk of failure)
Confirm with . or Enter, or press ? or * to list all spells.
Aiming: Ensorcelled Hibernation (safe; 1% risk of failure)
Press: ? - help, Shift-Dir - straight line, f/p - deep elf archer
Aim: a deep elf archer, wielding a +0 dagger and wearing a +0 leather armour (moderately wounded, repelling missiles, chance to affect: 21%)
The deep elf archer resists with almost no effort.
The deep elf archer hits you but does no damage.
Unknown command.
Casting: Ensorcelled Hibernation (safe; 1% risk of failure)
Confirm with . or Enter, or press ? or * to list all spells.
Aiming: Ensorcelled Hibernation (safe; 1% risk of failure)
Press: ? - help, Shift-Dir - straight line, f/p - deep elf archer
Aim: a deep elf archer, wielding a +0 dagger and wearing a +0 leather armour (moderately wounded, repelling missiles, chance to affect: 21%)
The deep elf archer resists with almost no effort.
The deep elf archer hits you but does no damage.
Unknown command.
Casting: Ensorcelled Hibernation (safe; 1% risk of failure)
Confirm with . or Enter, or press ? or * to list all spells.
Aiming: Ensorcelled Hibernation (safe; 1% risk of failure)
Press: ? - help, Shift-Dir - straight line, f/p - deep elf archer
Aim: a deep elf archer, wielding a +0 dagger and wearing a +0 leather armour (moderately wounded, repelling missiles, chance to affect: 21%)
The deep elf archer resists with almost no effort.
You hear a splash.
The deep elf archer hits you with a +0 dagger!
You die...

...≈≈≈≈≈≈~...~≈≈((§≈, .....{....
#.~≈≈≈≈≈~...~≈≈≈≈≈~ #u..{u{..#
#.~≈≈≈≈~...~~≈≈≈~ ,, ...{.{...#
#..~~~~.....~~{[. ** ....{..#*
#...............# * ##......#
#....###..#####.## ###.......## #
#.....##.## #..###...#...#...
###........# ##e............###
)##......#######♣.....#.....#...#
..##.....# #....................
...#.....# ##......#.....#.....#.
....#....# #.....................
#....#..## #..........#.....#....
##....### #.....................
###...### ##......#.....#.....#^
##....## ##...................
##..[)## #........#.....#...#


You could see a deep elf archer (repels missiles).

Vanquished Creatures
  An ice dragon (D:14)
  A hydra (D:11)
  A centaur warrior (D:13)
  5 two-headed ogres
  2 boulder beetles (D:13)
  2 cyclopes
  A manticore (D:13)
  3 ugly things
  An elephant (D:11)
  An unseen horror (D:11)
  A gargoyle (D:14)
  A freezing wraith (D:14)
  A troll (D:10)
  Sigmund (D:2)
  A dancing weapon (D:7)
  8 slime creatures
  3 shadows
  Eustachio (D:4)
  A vampire (D:7)
  Grum (D:9)
  A wyvern (D:11)
  2 basilisks
  10 yaks
  A wraith (D:12)
  A steam dragon (D:7)
  9 vampire mosquitoes
  2 acid dragons (D:12)
  2 water moccasins
  3 black bears
  2 ice beasts (D:6)
  An ogre (D:3)
  2 wolves (D:9)
  6 centaurs
  A kobold brigand (D:6)
  3 gnoll sergeants (D:7)
  A scorpion (D:6)
  11 wights
  A howler monkey (D:5)
  14 killer bees
  Crazy Yiuf (D:2)
  7 orc priests
  2 hounds
  3 gnoll boudas
  A jelly (D:6)
  Jessica (D:2)
  A sleepcap (D:6)
  3 iguanas
  7 orc wizards
  6 adders
  11 gnolls
  A white imp (D:8)
  2 ufetubi (D:5)
  A worm (D:4)
  41 orcs
  4 ball pythons
  7 endoplasms
  A giant cockroach (D:1)
  8 goblins
  16 hobgoblins
  3 quokkas
  2 bats
  5 frilled lizards
  12 kobolds
  6 rats
262 creatures vanquished.

Vanquished Creatures (collateral kills)
  A vault guard (D:14)
  An orc knight (D:14)
  2 orc warriors (D:9)
  An ogre (D:5)
  A gnoll sergeant (D:7)
  A kobold brigand (D:7)
  A killer bee (D:10)
  A jelly (D:6)
  2 orc wizards
  6 gnolls
  3 orcs
  2 hobgoblins (D:7)
  9 kobolds
31 creatures vanquished.

Vanquished Creatures (others)
  17 dancing weapons
  A fungus (D:11)
  31 plants (D:7)
49 creatures vanquished.

Grand Total: 342 creatures vanquished

Notes
Turn   | Place    | Note
-------+----------+-------------------------------------------
     0 | D:1      | LobsterGuardian the Felid Enchanter began the quest for the
                  | Orb.
     0 | D:1      | Reached XP level 1. HP: 7/7 MP: 4/4
   176 | D:1      | Reached XP level 2. HP: 11/11 MP: 6/6
   209 | D:1      | Reached skill level 5 in Stealth
   366 | D:1      | Learned a level 2 spell: Ensorcelled Hibernation
   757 | D:2      | Reached XP level 3. HP: 14/14 MP: 7/7
   762 | D:2      | Learned a level 3 spell: Confusing Touch
   774 | D:2      | Found a glowing golden altar of the Shining One.
   867 | D:2      | Noticed Sigmund
   875 | D:2      | Killed Sigmund
   876 | D:2      | Reached skill level 7 in Stealth
   876 | D:2      | Reached XP level 4. HP: 18/18 MP: 2/8
   876 | D:2      | Reached XP level 5. HP: 21/21 MP: 2/9
  1423 | D:2      | Noticed Jessica
  1428 | D:2      | Killed Jessica
  1431 | D:2      | Found a runed translucent door.
  1432 | D:2      | Noticed Crazy Yiuf
  1576 | D:2      | Killed Crazy Yiuf
  1577 | D:2      | Reached skill level 8 in Stealth
  1577 | D:2      | Gained mutation: You are covered in thick fur. (AC +2)
                  | [Felid growth]
  1577 | D:2      | Reached XP level 6. HP: 24/24 MP: 7/10
  1581 | D:2      | Learned a level 3 spell: Tukima's Dance
  1775 | D:3      | Found Iskek's Jewellery Emporium.
  1853 | D:3      | Found a glowing golden altar of the Shining One.
  1956 | D:3      | Found Winofy's Armour Emporium.
  2972 | D:4      | Found a hazy altar of Hepliaklqana.
  2975 | D:4      | Found a sacrificial altar of Ru.
  2980 | D:4      | Found a hide-covered altar of Uskayaw.
  3007 | D:4      | Reached XP level 7. HP: 24/27 MP: 3/12
  3011 | D:4      | Learned a level 3 spell: Dazzling Flash
  3152 | D:4      | Noticed Eustachio
  3672 | D:4      | Found an opulent altar of Gozag.
  4000 | D:4      | Killed Eustachio
  4318 | D:5      | Entered Level 5 of the Dungeon
  4372 | D:5      | HP: 1/27 [ufetubus (5)]
  4504 | D:5      | Noticed Blork the orc
  5205 | D:5      | Reached skill level 5 in Spellcasting
  5205 | D:5      | Reached XP level 8. HP: 31/31 MP: 11/16
  5483 | D:5      | Learned a level 3 spell: Teleport Other
  5635 | D:5      | Found a shimmering blue altar of Sif Muna.
  6164 | D:6      | Reached skill level 1 in Fighting
  6350 | D:6      | Reached skill level 5 in Unarmed Combat
  7038 | D:6      | Reached XP level 9. HP: 35/35 MP: 7/18
  7365 | D:7      | Found a staircase to the Ecumenical Temple.
  7509 | D:7      | Reached skill level 10 in Hexes
  7523 | Temple   | Entered the Ecumenical Temple
  7621 | Temple   | Became a worshipper of Ashenzari the Shackled
  8019 | D:7      | Reached skill level 9 in Stealth
  8968 | D:7      | Reached skill level 5 in Dodging
  9023 | D:7      | Found a shimmering altar of Xom.
  9162 | D:7      | Reached * piety under Ashenzari
  9162 | D:7      | Reached ** piety under Ashenzari
  9551 | D:8      | Reached XP level 10. HP: 30/42 MP: 2/21
  9861 | D:8      | Reached skill level 10 in Stealth
 10478 | D:9      | Noticed a two-headed ogre
 10482 | D:9      | Killed a two-headed ogre
 10505 | D:9      | Noticed Grum
 10742 | D:9      | Noticed a two-headed ogre
 10746 | D:9      | Killed Grum
 10750 | D:9      | Killed a two-headed ogre
 10751 | D:9      | Reached skill level 11 in Stealth
 10751 | D:9      | Reached skill level 1 in Ice Magic
 11102 | D:9      | Noticed a moth of wrath
 11111 | D:9      | Noticed a two-headed ogre
 11134 | D:9      | Reached *** piety under Ashenzari
 11134 | D:9      | Reached **** piety under Ashenzari
 11352 | D:9      | Noticed themarg's ghost (journeyman MfSu)
 11373 | D:9      | Noticed a tengu warrior
 11383 | D:9      | Found a transporter.
 11388 | D:9      | Found a transporter.
 11389 | D:9      | Found a bloodstained altar of Trog.
 11609 | D:10     | Entered Level 10 of the Dungeon
 11721 | D:10     | Found a portal to a secret trove of treasure.
 11781 | D:10     | Found Upomiqi's Weapon Shop.
 11860 | D:10     | Reached skill level 5 in Fighting
 12469 | D:10     | Reached XP level 11. HP: 35/47 MP: 21/24
 12561 | D:10     | Found a stormy altar of Qazlal.
 13024 | D:3      | Bought a ring of magical power for 200 gold pieces
 13029 | D:3      | Reached ***** piety under Ashenzari
 13029 | D:3      | Reached ****** piety under Ashenzari
 13446 | D:11     | Noticed a two-headed ogre
 13453 | D:11     | Killed a two-headed ogre
 13454 | D:11     | Reached skill level 12 in Stealth
 13676 | D:11     | Found a runed translucent door.
 13861 | D:11     | Noticed a seven-headed hydra
 13864 | D:11     | Killed a seven-headed hydra
 13869 | D:11     | Learned a level 3 spell: Swiftness
 13888 | D:11     | Found a staircase to the Lair.
 14677 | D:12     | Noticed Frances
 14680 | D:12     | Noticed a soul eater
 14766 | D:12     | Noticed a two-headed ogre
 14944 | D:12     | Noticed a soul eater
 15212 | D:12     | Killed a two-headed ogre
 15439 | D:11     | Mangled by a large slime creature
 15440 | D:11     | Reached XP level 10. HP: -9/49 MP: 29/36
 15492 | D:11     | Reached skill level 13 in Stealth
 15592 | D:11     | Reached skill level 10 in Spellcasting
 15930 | D:13     | Noticed a boulder beetle
 15934 | D:13     | Killed a boulder beetle
 15935 | D:13     | Reached XP level 11. HP: 52/52 MP: 28/28
 15961 | D:13     | Learned a level 3 spell: Stone Arrow
 15966 | D:13     | Noticed a centaur warrior
 15981 | D:13     | Killed a centaur warrior
 16194 | D:13     | Noticed a boulder beetle
 16200 | D:13     | Killed a boulder beetle
 16201 | D:13     | Reached skill level 1 in Conjurations
 16201 | D:13     | Reached skill level 1 in Earth Magic
 16324 | D:13     | Noticed a white ugly thing
 16329 | D:13     | Killed a white ugly thing
 16530 | D:13     | Noticed a two-headed ogre
 16536 | D:13     | Killed a two-headed ogre
 16537 | D:13     | Reached skill level 14 in Stealth
 16725 | D:14     | Noticed a red ugly thing
 16727 | D:14     | Noticed a red ugly thing
 16729 | D:14     | Noticed a red ugly thing
 16731 | D:14     | Killed a red ugly thing
 16759 | D:14     | Slain by a red ugly thing
 16760 | D:14     | Reached XP level 10. HP: -4/49 MP: 35/37
 16919 | D:14     | Killed a purple ugly thing
 16925 | D:14     | Noticed a green ugly thing
 16927 | D:14     | Noticed a green ugly thing
 17010 | D:14     | Found a frozen archway.
 17010 | D:14     | Noticed an ice dragon
 17039 | D:14     | Killed an ice dragon
 17055 | IceCv    | Entered an ice cave
 17145 | IceCv    | Noticed an obsidian statue
 17327 | D:14     | Noticed a gargoyle
 17338 | D:14     | Killed a gargoyle
 17370 | D:14     | Noticed an orc knight
 17415 | D:14     | Killed an orc knight
 17416 | D:14     | Reached XP level 11. HP: 28/52 MP: 15/29
 17525 | D:14     | Noticed a deep elf archer
 17525 | D:14     | Noticed a vault guard
 17544 | D:14     | Killed a vault guard
 17548 | D:14     | Slain by a deep elf archer

Illustrated notes

Levels and vault maps discovered:
D:1:      dpeg_arrival_fog, layout_basic
D:2:      layout_basic, basic_altar, minmay_misc_feat_encased,
          uniq_crazy_yiuf_cottage, uniq_jessica, uniq_sigmund
D:3:      layout_loops_ring, tso_metal_star, serial_shops, shop, shop_fountains
D:4:      layout_loops_cross, kennysheep_mini, grunt_temple_overflow_diamond,
          uniq_eustachio
D:5:      layout_gridville, tgw_sif
D:6:      layout_cave_pools
D:7:      kennysheep_housing_project, layout_loops_ring,
          mainiacjoe_overflow_alcove_2, minmay_temple_entry_glass
D:8:      layout_loops_cross, nrook_mini_vaults
D:9:      layout_layer_cave, gammafunk_ghost_wrathful_warriors,
          chequers_serial_rivers_micro_c, uniq_grum
D:10:     layout_cave_pods, mainiacjoe_overflow_concentric_impassable,
          serial_shops, shop, enter_trove_0
D:11:     layout_stronghold, david_lair_generic, nicolae_twisting_strands,
          lightli_church_of_beogh
D:12:     wad_river_or_something, layout_basic, orc_0_dummy, serial_glass,
          glass_columns_a, glass_columns_b, uniq_snorg, uniq_frances
D:13:     layout_basic
D:14:     layout_cave_pods, grunt_vaults_entry_fortified, kennysheep_doodads,
          portal_ice_cave_entry_dragon
Temple:   nicolae_temple_ecumenical_triangle

Skill      XL: |  1  2  3  4  5  6  7  8  9 10 11 |
---------------+----------------------------------+-----
Stealth        | 5 7 8 9 13 14 | 14.8
Dodging        | 3 4 5 6 |  6.9
Hexes          | 6 8 9 10 | 10.0
Spellcasting   | 3 5 7 10 11 | 11.0
Unarmed Combat | 5 6 7 8 |  8.9
Fighting       | 1 3 5 6 |  6.1
Ice Magic      | 1 2 |  2.1
Conjurations   | 2 |  2.6
Earth Magic    | 2 1 |  2.6

Action                     |  1- 3 |  4- 6 |  7- 9 | 10-12 || total
---------------------------+-------+-------+-------+-------++-------
  Melee: Unarmed           |    56 |    57 |   253 |   247 ||   613
         Bite              |     3 |     5 |    35 |    28 ||    71
         Punch             |     1 |       |    13 |    24 ||    38
   Cast: Ensorcelled Hiber |     2 |    24 |   122 |    85 ||   233
         Confusing Touch   |     1 |     2 |    15 |    30 ||    48
         Tukima's Dance    |       |     7 |    67 |    33 ||   107
         Dazzling Flash    |       |       |     4 |     3 ||     7
         Teleport Other    |       |       |     6 |    18 ||    24
         Stone Arrow       |       |       |       |     4 ||     4
         Swiftness         |       |       |       |     2 ||     2
 Invoke: Curse Item        |       |       |     1 |     2 ||     3
  Evoke: Wand              |       |       |       |     5 ||     5
    Use: Potion            |     1 |     1 |     1 |     3 ||     6
         Scroll            |     2 |     5 |     3 |     1 ||    11
   Stab: Invisible         |     3 |       |     3 |     2 ||     8
         Sleeping          |    13 |    28 |    73 |    63 ||   177
         Confused          |       |     2 |    10 |    18 ||    30
         Paralysed         |       |       |       |     8 ||     8
 Armour: Skin              |     4 |     2 |    12 |    14 ||    32
  Dodge: Dodged            |    22 |    27 |   241 |   237 ||   527

Table legend: (Time is in decaauts)
 A = Elapsed time spent in this place.
 B = Non-inter-level travel time spent in this place.
 C = Inter-level travel time spent in this place.
 D = Time resting spent in this place.
 E = Time spent auto-exploring this place.
 F = Levels seen in this place.
 G = Mean time per level.
                   A        B        C        D        E       F      G
               +--------+--------+--------+--------+--------+-----+--------+
         Total |  15537 |  14668 |    869 |    346 |  11566 |  16 |  971.1 |
       Dungeon |  15336 |  14485 |    851 |    346 |  11415 |  14 | 1095.4 |
        Temple |     96 |     79 |     17 |      0 |     71 |   1 |   96.0 |
      Ice Cave |    104 |    104 |      0 |      0 |     80 |   1 |  104.0 |
               +--------+--------+--------+--------+--------+-----+--------+

Top non-repeatable levels by time:
    D:11: 1919 daAuts
     D:7: 1791 daAuts
     D:5: 1645 daAuts
     D:6: 1361 daAuts
     D:4: 1309 daAuts
    D:10: 1223 daAuts
     D:3: 1133 daAuts
     D:9: 1061 daAuts
     D:8: 794 daAuts
     D:2: 740 daAuts
    D:14: 718 daAuts
    D:13: 631 daAuts
     D:1: 623 daAuts
    D:12: 382 daAuts
   IceCv: 104 daAuts
